 Dungeon Crawl Stone Soup version 0.31-a0-702-gf82c85558f (webtiles) character file.

Game seed: 10151272101461635847

55 qw the Shooter (level 3, 0/23 HPs)
             Began as a Gargoyle Hunter on Sept 8, 2023.
             Slain by Eustachio
             ... wielding a +0 rapier of freezing
              (7 damage)
             ... on level 3 of the Dungeon.
             The game lasted 00:00:40 (2226 turns).

qw the Shooter (Gargoyle Hunter)                    Turns: 2226, Time: 00:00:41

Health: 0/23       AC: 10    Str: 14    XL:     3   Next: 93%
Magic:  3/3        EV: 11    Int:  9    God:
Gold:   84         SH:  0    Dex: 15    Spells: 2/2 levels left

rFire   . . .        Y - +0 shortbow
rCold   . . .        (shield currently unavailable)
rNeg    + . .        c - +0 leather armour
rPois   inf          j - +0 helmet
rElec   +            d - +1 cloak
rCorr   .            g - +0 pair of gloves
SInv    .            (no boots)
Will    .....        (no amulet)
Stlth   ++           (no ring)
HPRegen 0.23/turn    (no ring)
MPRegen 0.08/turn

%: no passive effects
@: no status effects
A: sickness immunity, AC +3, negative energy resistance 1, electricity
resistance, torment resistance 1, petrification resistance
a: no special abilities


You were on level 3 of the Dungeon.
You visited 1 branch of the dungeon, and saw 4 of its levels.

You collected 84 gold pieces.


Innate Abilities, Weirdness & Mutations

You are immune to sickness and miasma.
Your stone body is resilient. (AC +3)
You are immune to poison.
You resist negative energy. (rN+)
You are resistant to electric shocks. (rElec)
You are resistant to unholy torment.
You are immune to petrification.


   Skills:
 - Level 3.0 Fighting
 - Level 5.0 Ranged Weapons
 + Level 0.5 Armour
 - Level 1.5 Dodging
 - Level 1.1 Stealth


You had 2 spell levels left.
You didn't know any spells.
Your spell library was empty.

Inventory:

Hand Weapons
 Y - a +0 shortbow (weapon)
Armour
 c - a +0 leather armour (worn)
 d - a +1 cloak (worn)
 g - a +0 pair of gloves (worn)
 j - a +0 helmet (worn)
Scrolls
 b - a scroll of teleportation
Potions
 a - a potion of resistance {unknown}
 f - a potion of mutation {unknown}
 h - a potion of brilliance {unknown}
 l - a potion of cancellation {unknown}

Dungeon Overview and Level Annotations

Branches:
Dungeon (4/15)
 Temple: D:4-7

Altars:
Trog

Annotations:
D:3 Eustachio


Message History

Enter note:
Enter note:
Enter note:
2218 |||
Found retreat position at -1,0 (floor) with 0 blocking monsters and 1 monsters attacking at destination at distance 1
2218 ||| Stepping ~*~*~tactically~*~*~ (retreating).
Eustachio calls on the powers of shadow!
You shoot an arrow. The arrow hits Eustachio.
Eustachio is moderately wounded.
Eustachio hits you but does no damage.
You shoot an arrow. The arrow closely misses Eustachio.
The arrow closely misses the iron imp.
Eustachio hits you with a +0 rapier of freezing!
Eustachio freezes you.
You shoot an arrow. The arrow barely misses Eustachio.
The arrow completely misses the iron imp.
Eustachio hits you with a +0 rapier of freezing.
Eustachio freezes you.
You shoot an arrow. The arrow hits Eustachio.
Eustachio is moderately wounded.
Eustachio hits you with a +0 rapier of freezing.
Eustachio freezes you.
You shoot an arrow. The arrow hits Eustachio.
Eustachio is heavily wounded.
Eustachio growls, "To hell with you, honourless miscreant!"
Eustachio mumbles some strange words.
You shoot an arrow. The arrow barely misses Eustachio.
The arrow hits the iron imp but does no damage.
Eustachio closely misses you.
You shoot an arrow. The arrow closely misses Eustachio.
The arrow barely misses the iron imp.
The arrow hits the bat.
You kill the bat!
The bat's corpse disappears in a puff of smoke!
Eustachio gestures wildly while chanting.
You shoot an arrow.
The arrow hits Eustachio but does no damage.
Eustachio is heavily wounded.
Eustachio hits you but does no damage.
Eustachio hits you with a +0 rapier of freezing!
You die...
Eustachio twirls his moustache.

#.#..#.######### #.#..#.........#
#.#..#.......... #.####.#######.#
#.......# #.# #.......# #.#
#.......# #<#
##################rr.....######.#
#...............@@5b.............
##.###############b.....####.####
#.# #.........#...............
#.# #.#######.#######..##....#
#.#####.#######.#...............
#.#...........#.##.#######.###..
#.#.###.#####.#.##.#............
#.#.#.......#.#.##.#.#####.####.
#.#.#.#.....#.#.(..#.# #.# #.


You could see Eustachio, an iron imp (summoned), 2 river rats and 2 bats.

Vanquished Creatures
  An adder (D:2)
  A dart slug (D:2)
  6 bats
  3 endoplasms (D:2)
  A giant cockroach (D:2)
  4 hobgoblins
  4 kobolds
  A quokka (D:1)
  7 ball pythons
  4 frilled lizards
  7 goblins
  A rat (D:1)
40 creatures vanquished.

Notes
Turn   | Place    | Note
-------+----------+-------------------------------------------
     0 | D:1      | qw the Gargoyle Hunter began the quest for the Orb.
     0 | D:1      | Reached XP level 1. HP: 12/12 MP: 1/1
     0 | D:1      | 0 ||| qw: Version: 0.3-a-76-g4403597
     0 | D:1      | 0 ||| qw: Game counter: 985
     0 | D:1      | 0 ||| qw: Melee chars always use a shield: true
     0 | D:1      | 0 ||| qw: God list: Okawaru
     0 | D:1      | 0 ||| qw: Allow faded altars: false
     0 | D:1      | 0 ||| qw: Do Orc after clearing Dungeon:15 true
     0 | D:1      | 0 ||| qw: Do second Lair branch before Depths: true
     0 | D:1      | 0 ||| qw: Lair rune preference: random
     0 | D:1      | 0 ||| qw: Goals: Normal
     0 | D:1      | 0 ||| PLANNING D:1-11
    77 | D:1      | Reached XP level 2. HP: 17/17 MP: 2/2
   426 | D:1      | Reached XP level 3. HP: 21/21 MP: 3/3
   511 | D:1      | 511 ||| UPGRADING to +0 pair of gloves.
   516 | D:1      | 516 ||| UPGRADING to +0 helmet.
   521 | D:1      | 521 ||| DROPPING +6 ring of intelligence.
   522 | D:1      | 522 ||| READING scroll labelled TYREYN HUMYET.
   523 | D:1      | 523 ||| READING scroll labelled CYFOIX EMIUVVU.
   524 | D:1      | 524 ||| DROPPING scroll of butterflies.
   552 | D:2      | 552 ||| STAIRDANCE
   616 | D:2      | Reached skill level 5 in Ranged Weapons
   937 | D:2      | Found a bloodstained altar of Trog.
  1287 | D:2      | Reached skill level 3 in Fighting
  1298 | D:2      | 1298 ||| UPGRADING to +1 cloak.
  1303 | D:2      | 1303 ||| READING 2 scrolls labelled ARERRU YDDO.
  1308 | D:2      | 1308 ||| READING scroll labelled TOINIW WIAJI.
  2160 | D:3      | 2160 ||| READING scroll labelled LIASIPR JAQYD.
  2161 | D:3      | 2161 ||| READING scroll labelled CATZUO RUEQOID.
  2162 | D:3      | 2162 ||| READING scroll labelled YQUUKY ICSOC.
  2209 | D:4      | Noticed Eustachio
  2214 | D:4      | 2214 ||| STAIRDANCE
  2217 | D:3      | 2217 ||| Stepping ~*~*~tactically~*~*~ (retreating).
  2218 | D:3      | 2218 ||| Stepping ~*~*~tactically~*~*~ (retreating).
  2226 | D:3      | Slain by Eustachio

Levels and vault maps discovered:
D:1:      minmay_arrival_semitransparent, layout_rooms,
          chequers_serial_rivers_micro_a, minmay_hexomino_u4
D:2:      layout_basic, serial_curves, eino_curves_01, eino_curves_02,
          basic_altar
D:3:      layout_basic
D:4:      layout_rooms, uniq_eustachio

Skill      XL: |  1  2  3 |
---------------+----------+-----
Ranged Weapons | 5 |  5.0
Fighting       | 3 |  3.0
Armour         | |  0.5
Dodging        | |  1.5
Stealth        | |  1.1

Action                     || total
---------------------------++-------
   Fire: Shortbow          ||   149
    Use: Scroll            ||     7
 Armour: Leather armour    ||    43
  Dodge: Dodged            ||    42

Table legend:
 A = Non-vault XP
 B = Vault XP
 C = Vault XP percentage of total XP
 D = Non-vault monster count
 E = Vault monster count
 F = Vault count percentage of total count
                 A         B        C        D         E       F
            +---------+---------+-------+---------+---------+-------
      Total |      73 |       6 |   7.6 |      37 |       3 |   7.5
            +---------+---------+-------+---------+---------+-------
        D:1 |      28 |       6 |  17.6 |      17 |       3 |  15.0
        D:2 |      38 |       0 |   0.0 |      15 |       0 |   0.0
        D:3 |       7 |       0 |   0.0 |       5 |       0 |   0.0
            +---------+---------+-------+---------+---------+-------
